 Dungeon Crawl Stone Soup version 0.22.1-1-ga44c0e5 (webtiles) character file.

7 MalarOregon the Caller (level 2, 0/20 HPs)
             Began as a Merfolk Summoner on Nov 12, 2018.
             Slain by a giant cockroach (2 damage)
             ... on level 1 of the Dungeon.
             The game lasted 00:01:54 (180 turns).

MalarOregon the Caller (Merfolk Summoner)            Turns: 180, Time: 00:01:55

Health: 0/20       AC:  2    Str:  8    XL:     2   Next: 4%
Magic:  1/5        EV: 13    Int: 14    God:
Gold:   15         SH:  0    Dex: 14    Spells: 4/5 levels left

rFire    . . .     SeeInvis .   c - +0 spear
rCold    . . .     Gourm    .   (no shield)
rNeg     . . .     Faith    .   a - +0 robe
rPois    .         Spirit   .   (no helmet)
rElec    .         Reflect  .   (no cloak)
rCorr    .         Harm     .   (no gloves)
MR       .....                  (no boots)
Stlth    ++........             (no amulet)
HPRegen  0.06/turn              (no ring)
MPRegen  0.09/turn              (no ring)

@: no status effects
A: change form in water, swift swim, stealthy swim
a: no special abilities


You were on level 1 of the Dungeon.
You were not hungry.

You visited 1 branch of the dungeon, and saw 1 of its levels.

You collected 15 gold pieces.

Inventory:

Hand Weapons
 c - a +0 spear (weapon)
   (You found it on level 1 of the Dungeon)
Armour
 a - a +0 robe (worn)
Potions
 b - a potion of brilliance {unknown}
Comestibles
 e - a ration {!d}


   Skills:
 + Level 0.6 Fighting
 * Level 0.8 Polearms
 + Level 2.9 Dodging
 - Level 2.1 Stealth
 + Level 2.1 Spellcasting
 + Level 4.0 Summonings


You had 4 spell levels left.
You knew the following spells:

 Your Spells              Type           Power        Failure   Level  Hunger
a - Summon Small Mammal   Summ           ##..         4%          1    ##.....

Your spell library contained the following spells:

 Spells                   Type           Power        Failure   Level  Hunger
 Call Imp                 Summ           ##......     7%          2    ###....
 Call Canine Familiar     Summ           ##......     13%         3    ####...
 Summon Guardian Golem    Hex/Summ       #.......     30%         3    ####...
 Summon Ice Beast         Ice/Summ       #.......     71%         4    #####..
 Summon Lightning Spire   Summ/Air       #.......     71%         4    #####..


Dungeon Overview and Level Annotations

Branches:
Dungeon (1/15)

Altars:


Message History

The hobgoblin hits your bat but does no damage.
Your quokka closely misses the hobgoblin.
You closely miss the hobgoblin.
Your bat barely misses the hobgoblin.
The giant cockroach misses you. The hobgoblin hits you with a club.
* * * LOW HITPOINT WARNING * * *
Your rat bites the hobgoblin.
Your quokka bites the hobgoblin.
The hobgoblin dies!
The giant cockroach bites you.
* * * LOW HITPOINT WARNING * * *
Your bat hits the hobgoblin but does no damage.
Your rat bites the hobgoblin but does no damage.
Your quokka bites the giant cockroach but does no damage.
The giant cockroach bites your quokka.
The hobgoblin closely misses your quokka.
Attack whom?
Aim: a giant cockroach You could not reach far enough!
Your bat hits the hobgoblin but does no damage.
Your quokka bites the giant cockroach.
Your rat misses the hobgoblin.
The giant cockroach closely misses your quokka.
The hobgoblin hits your quokka with a club.
Attack whom?
Aim: a giant cockroach (almost dead)
You reach to attack!
You hit the giant cockroach but do no damage.
Your bat misses the hobgoblin.
Your quokka bites the hobgoblin but does no damage.
The giant cockroach bites your quokka.
Your quokka dies!
Your quokka's corpse disappears in a puff of smoke!
Your rat bites the hobgoblin but does no damage.
Your bat closely misses the giant cockroach.
Your rat misses the giant cockroach.
Your bat closely misses the giant cockroach.
You see here 2 stones.
Your rat bites the hobgoblin.
Your bat barely misses the hobgoblin.
You see here a stone.
Your bat barely misses the hobgoblin.
Your rat disappears in a puff of smoke!
Your bat hits the hobgoblin but does no damage. x2
The giant cockroach bites you but does no damage.
Your bat hits the hobgoblin but does no damage.
Your bat hits the hobgoblin.
Your bat closely misses the hobgoblin.
You barely miss the giant cockroach.
Your bat hits the hobgoblin but does no damage.
The giant cockroach barely misses you.
Your bat hits the hobgoblin but does no damage.
Your bat hits the hobgoblin. The giant cockroach bites you.
You die...

#...# #######.###.....####.#
#...# #.....#......#.###.#.#
#...# #.###.######.#.#...#.#
#####...# #.# #.#......#(#.#.#.##
........###.###.#.######.(......#
..............................>.#
#####...###.#.##r........#......#
#...# #.#.##.#######.#b######
##### #.#.##@# #.#.# #.#.##s#
#.#.# ..#.##g# #b..# ####.##b#
##### ....##.# #.# #(# ####..##(#
#.....((.# ##.....(..#


You could see a giant cockroach, a hobgoblin, a friendly bat and a friendly rat.

Vanquished Creatures
  2 kobolds (D:1)
2 creatures vanquished.

Vanquished Creatures (collateral kills)
  2 bats (D:1)
  A goblin (D:1)
  2 hobgoblins (D:1)
  2 kobolds (D:1)
7 creatures vanquished.

Grand Total: 9 creatures vanquished

Notes
Turn   | Place    | Note
-------+----------+-------------------------------------------
     0 | D:1      | MalarOregon the Merfolk Summoner began the quest for the
                  | Orb.
     0 | D:1      | Reached XP level 1. HP: 13/13 MP: 3/3
   163 | D:1      | Reached XP level 2. HP: 11/20 MP: 0/5
   180 | D:1      | Slain by a giant cockroach

Action                   || total
-------------------------++-------
Melee: Unarmed           ||    17
       Spear             ||     7
 Cast: Summon Small Mamm ||    11
  Use: Scroll            ||     1
 Stab: Sleeping          ||     1
Armor: Robe              ||     6
Dodge: Dodged            ||    24
